 Dungeon Crawl Stone Soup version 0.28-a0-1493-g08698888e4 (webtiles) character file.

Game seed: 6360187559305063737

6327 bladeefan the Fighter (level 10, -17/86 HPs)
             Began as a Demonspawn Berserker on Jan 13, 2022.
             Was a Priest of Trog.
             Demolished by an orc knight (23 damage)
             ... on level 11 of the Dungeon.
             The game lasted 00:11:59 (9197 turns).

bladeefan the Fighter (Demonspawn Berserker)        Turns: 9197, Time: 00:11:59

Health: -17/86     AC:  8    Str: 20    XL:     10   Next: 64%
Magic:  10/10      EV: 13    Int: 10    God:    Trog [***...]
Gold:   570        SH:  0    Dex: 13    Spells: 9/9 levels left

rFire   + . .      SeeInvis .   a - +0 mace
rCold   . . .      Faith    .   (no shield)
rNeg    . . .      Spirit   .   p - +1 ring mail "Pelocs Ronev" {rF+ Regen+}
rPois   .          Reflect  .   (no helmet)
rElec   +          Harm     .   (no cloak)
rCorr   +          Rampage  .   (no gloves)
Will    .....                   y - +0 pair of boots "Tiulapiu" {rElec rCorr Str-2 Stlth+}
Stlth   +.........              (no amulet)
HPRegen 1.04/turn               (no ring)
MPRegen 0.12/turn               (no ring)

@: confused, mighty, on berserk cooldown, slowed, very slow
A: powered by pain 1, spiny 1, big brain 1, weakness stinger 1
a: Renounce Religion, Berserk, Trog's Hand


You were on level 11 of the Dungeon.
You worshipped Trog.
Trog was most pleased with you.
You visited 1 branch of the dungeon, and saw 11 of its levels.

You collected 570 gold pieces.

Inventory:

Hand Weapons
 a - a +0 mace (weapon)
Armour
 g - a +0 plate armour
   (You found it on level 2 of the Dungeon)
 p - the +1 ring mail "Pelocs Ronev" (worn) {rF+ Regen+}
   (You found it on level 4 of the Dungeon)

   rF:        It protects you from fire.
   Regen:     It increases your rate of health regeneration.
 y - the +0 pair of boots "Tiulapiu" (worn) {rElec rCorr Str-2 Stlth+}
   (You acquired it on level 7 of the Dungeon)

   Str:       It affects your strength (-2).
   rElec:     It insulates you from electricity.
   rCorr:     It protects you from acid and corrosion.
   Stlth:     It makes you more stealthy.
 L - a +2 plate armour of cold resistance
   (You found it on level 10 of the Dungeon)
Jewellery
 e - an amulet of magic regeneration
   (You found it on level 6 of the Dungeon)
 w - a ring of flight
   (You found it on level 5 of the Dungeon)
Wands
 d - a wand of iceblast (13)
   (You found it on level 7 of the Dungeon)
 u - a wand of paralysis (19)
   (You found it on level 6 of the Dungeon)
 x - a wand of acid (7)
   (You found it on level 3 of the Dungeon)
 E - a wand of polymorph (10)
   (You found it on level 8 of the Dungeon)
 K - a wand of mindburst (4)
   (You found it on level 9 of the Dungeon)
Scrolls
 b - 2 scrolls of amnesia {unknown}
 c - 2 scrolls of vulnerability {!r}
 f - 3 scrolls of blinking
 i - 2 scrolls of noise {unknown}
 l - a scroll of fog
 m - 2 scrolls of teleportation {@r4}
 n - a scroll of brand weapon {unknown}
 o - a scroll of silence {unknown}
 q - a scroll of holy word {unknown}
 t - a scroll of enchant armour {unknown}
 D - a scroll of fear
 G - a scroll of magic mapping {unknown}
 J - a scroll of immolation {unknown}
Potions
 h - 4 potions of curing {unknown}
 j - 2 potions of lignification {unknown}
 k - 4 potions of heal wounds {unknown}
 r - 2 potions of flight {unknown}
 s - 4 potions of attraction {unknown}
 v - a potion of resistance {unknown}
 z - a potion of brilliance {unknown}
 A - a potion of ambrosia {unknown}
 B - a potion of haste {@q3}
 C - a potion of cancellation {unknown}
 F - a potion of degeneration {unknown}
 H - a potion of invisibility {unknown}
 I - a potion of mutation {unknown}


   Skills:
 * Level 10.7 Fighting
 + Level 7.2 Maces & Flails
 + Level 6.8 Armour
 + Level 6.9 Dodging


You had 9 spell levels left.
You didn't know any spells.
Your spell library was empty.

Dungeon Overview and Level Annotations

Branches:
Dungeon (11/15)            Temple (0/1) D:7             Orc (0/2) D:10
   Lair: D:8-11

Altars:
Fedhas
Kikubaaqudgha
Qazlal
Uskayaw
Yredelemnul
The Shining One

Shops:
D:5 (


Innate Abilities, Weirdness & Mutations

You sometimes gain a little power by taking damage.
You are partially covered in sharp spines.
You have an unusually large brain. (Int +2)
You have a small tail.


Message History

Trog accepts your kill.
The orc knight roars a battlecry!
The orcs go into a battle-frenzy!
You hear a shout!
An orc comes into view. It is wielding a +0 hand axe.
The orc wizard casts a spell.
The orc wizard flickers and vanishes!
Deactivating autopickup; reactivate with Ctrl-A.
You hit the orc knight. Something hits you.
You hit the orc knight but do no damage.
The orc warrior hits you with a +0 trident!
Something hits you but does no damage.
The orc knight roars a battlecry!
The orc goes into a battle-frenzy!
You hit the orc knight.
The orc warrior hits you with a +0 trident!!
Something hits you but does no damage.
The orc knight hits you with a +0 great sword!!
You hit the orc knight. You sock the orc knight!
The orc warrior closely misses you. Something hits you.
The orc knight hits you but does no damage.
You thump the orc knight!
The orc warrior hits you with a +0 trident!
* * * LOW HITPOINT WARNING * * *
The orc completely misses you.
You hear some strange, mumbled words.
You are confused.
The orc knight hits you with a +0 great sword!!
* * * LOW HITPOINT WARNING * * *
You miss the orc. The orc hits you with a +0 hand axe.
* * * LOW HITPOINT WARNING * * *
The orc warrior hits you but does no damage.
The orc is struck by your spines. The orc hits you with a +0 club.
* * * LOW HITPOINT WARNING * * *
You are no longer berserk.
You are exhausted.
You feel yourself slow down. Trog accepts your kill.
Trog appreciates your killing of a magic user.
Reactivating autopickup.
You feel a bit more experienced.
The orc knight hits you with a +0 great sword!
* * * LOW HITPOINT WARNING * * *
You focus on the pain.
You feel very mighty all of a sudden.
The orc knight is struck by your spines.
The orc knight hits you with a +0 great sword!!
You die...

.......#. ..
......... ...
......... #..
........###.## .
.....(.......#.#
.$.....o........
.......o).......
......oo......##
....$.)@........
........<.......
................
............##..
...........#.#
...............
#........#......
.#.#........## #
.#.........#


You could see an orc knight, an orc warrior (strong) and 2 orcs.

Vanquished Creatures
  Fannar (D:10)
  2 two-headed ogres
  Pikel (D:7)
  An unseen horror (D:10)
  A hornet (D:7)
  A meliai zombie (D:10)
  A wyvern (D:8)
  A shadow (D:9)
  Grum (D:8)
  Menkaure (D:5)
  2 water moccasins
  2 orc warriors
  An ice beast (D:7)
  3 sky beasts (D:6)
  2 wolves (D:8)
  2 centaurs
  2 kobold brigands
  3 bullfrogs
  A scorpion (D:6)
  A water moccasin skeleton (D:5)
  6 killer bees (D:9)
  4 electric eels (D:10)
  4 howler monkeys
  2 jellies
  6 orc priests
  2 bullfrog skeletons
  A gnoll shaman (D:7)
  8 orc wizards
  3 howler monkey zombies
  4 gnolls
  6 adders
  3 white imps
  2 ufetubi
  31 orcs
  9 endoplasms
  A giant cockroach (D:1)
  6 goblins
  5 hobgoblins
  6 quokkas
  7 ball pythons
  6 bats
  3 frilled lizards
  19 kobolds
  5 rats
179 creatures vanquished.

Vanquished Creatures (others)
  A human (D:4)
  3 demonic plants (D:2)
  2 withered plants (D:2)
6 creatures vanquished.

Grand Total: 185 creatures vanquished

Notes
Turn   | Place    | Note
-------+----------+-------------------------------------------
     0 | D:1      | bladeefan the Demonspawn Berserker began the quest for the
                  | Orb.
     0 | D:1      | Reached XP level 1. HP: 18/18 MP: 1/1
   155 | D:1      | Gained mutation: You sometimes gain a little power by
                  | taking damage. [demonic ancestry]
   155 | D:1      | Reached XP level 2. HP: 15/24 MP: 2/2
   720 | D:1      | Reached XP level 3. HP: 29/29 MP: 3/3
   990 | D:2      | Found a faded altar of an unknown god.
  1583 | D:2      | Gained mutation: You are partially covered in sharp spines.
                  | [demonic ancestry]
  1583 | D:2      | Reached XP level 4. HP: 34/37 MP: 4/4
  2079 | D:3      | Reached skill level 4 in Fighting
  2125 | D:3      | Reached ** piety under Trog
  2341 | D:3      | Gained mutation: You have a small tail. [demonic ancestry]
  2341 | D:3      | Reached XP level 5. HP: 33/42 MP: 5/5
  2634 | D:3      | Found a hide-covered altar of Uskayaw.
  3122 | D:4      | Noticed an orc warrior
  3132 | D:4      | Killed an orc warrior
  3133 | D:4      | Reached skill level 5 in Fighting
  3133 | D:4      | Reached XP level 6. HP: 36/51 MP: 6/6
  3135 | D:4      | Found a blossoming altar of Fedhas.
  3369 | D:4      | Found an ancient bone altar of Kikubaaqudgha.
  3370 | D:4      | Noticed a human
  3372 | D:4      | Killed a human
  3519 | D:4      | Identified the +1 ring mail "Pelocs Ronev" {rF+ Regen+}
  3676 | D:5      | Entered Level 5 of the Dungeon
  3748 | D:5      | Found Gyrecura's Antique Weapon Shop.
  3769 | D:5      | Noticed Menkaure
  3777 | D:5      | Killed Menkaure
  3778 | D:5      | Reached XP level 7. HP: 57/57 MP: 7/7
  4130 | D:6      | Reached skill level 6 in Fighting
  4168 | D:6      | Found a basalt altar of Yredelemnul.
  4253 | D:6      | Reached XP level 8. HP: 46/65 MP: 8/8
  4342 | D:6      | Reached *** piety under Trog
  4785 | D:6      | Found a stormy altar of Qazlal.
  5009 | D:7      | Reached skill level 7 in Fighting
  5234 | D:7      | Identified a scroll of acquirement
  5246 | D:7      | Noticed a hornet
  5248 | D:7      | Paralysed by a hornet for 3 turns
  5254 | D:7      | Paralysed by a hornet for 2 turns
  5257 | D:7      | Killed a hornet
  5258 | D:7      | Reached skill level 5 in Maces & Flails
  5301 | D:7      | Acquired the +0 pair of boots "Tiulapiu" {rElec rCorr Str-2
                  | Stlth+}
  5417 | D:7      | Noticed Pikel
  5439 | D:7      | Killed Pikel
  5440 | D:7      | Reached skill level 8 in Fighting
  5440 | D:7      | Reached skill level 5 in Armour
  5440 | D:7      | Reached skill level 5 in Dodging
  5440 | D:7      | Reached XP level 9. HP: 74/74 MP: 9/9
  5497 | D:7      | Found a staircase to the Ecumenical Temple.
  6515 | D:8      | Noticed Grum
  6533 | D:8      | Killed Grum
  6714 | D:8      | Reached skill level 9 in Fighting
  7272 | D:9      | Noticed a two-headed ogre
  7279 | D:9      | Killed a two-headed ogre
  7280 | D:9      | Gained mutation: You have an unusually large brain. (Int
                  | +2) [demonic ancestry]
  7280 | D:9      | Reached XP level 10. HP: 73/84 MP: 10/10
  7900 | D:9      | Reached skill level 10 in Fighting
  8347 | D:10     | Entered Level 10 of the Dungeon
  8349 | D:10     | Noticed Fannar
  8369 | D:10     | Found a staircase to the Orcish Mines.
  8380 | D:10     | Killed Fannar
  8634 | D:10     | Noticed a two-headed ogre
  8646 | D:10     | Killed a two-headed ogre
  9183 | D:11     | Noticed an orc knight
  9196 | D:11     | HP: 4/86 [orc knight (16)]
  9197 | D:11     | Demolished by an orc knight

Illustrated notes

Levels and vault maps discovered:
D:1:      dpeg_arrival_court, layout_rooms
D:2:      layout_loops_cross, shapermc_ecumenical_altar_gd, minivault_14,
          wad_floor_pattern_2, bh_walls_and_bars
D:3:      layout_rooms, mainiacjoe_overflow_catwalk
D:4:      layout_loops_cross, tgw_kikubaaqudgha, lemuel_doored_altar
D:5:      layout_rooms, serial_shops, kennysheep_little_box, uniq_menkaure
D:6:      layout_cave_pods, mainiacjoe_overflow_tiny_flanked,
          nicolae_qazlal_scattered_showers, kennysheep_path_1
D:7:      layout_loops_corners, minmay_temple_entry_junction, minivault_27,
          minmay_misc_feat_iff, uniq_pikel
D:8:      layout_cave_pools, uniq_grum
D:9:      layout_cave_pods
D:10:     layout_basic, tso_altar, orc_0_dummy, minivault_19, nrook_campfire,
          uniq_fannar
D:11:     layout_cross, dpeg_lair_monsters, serial_shops,
          nicolae_shop_behind_doors, doesnt_xom_only_xom

Skill      XL: |  1  2  3  4  5  6  7  8  9 10 |
---------------+-------------------------------+-----
Armour         | 2 3 4 5 6 |  6.8
Dodging        | 2 3 4 5 6 |  6.9
Maces & Flails | 3 4 5 6 7 |  7.2
Fighting       | 4 5 6 8 9 10 | 10.7

Action                   |  1- 3 |  4- 6 |  7- 9 | 10-12 || total
-------------------------+-------+-------+-------+-------++-------
Melee: Mace              |   121 |   111 |   194 |    90 ||   516
       Punch             |       |     1 |     4 |     2 ||     7
       Tailslap          |       |     7 |    25 |     8 ||    40
Invok: Berserk           |     1 |     3 |    11 |     5 ||    20
       Trog's Hand       |       |       |     1 |       ||     1
  Use: Scroll            |       |       |     7 |       ||     7
 Stab: Sleeping          |       |       |     1 |     1 ||     2
Armor: Scale mail        |    61 |       |       |       ||    61
       Animal skin       |     5 |       |       |       ||     5
       Plate armour      |    24 |    84 |       |       ||   108
       Ring mail         |       |     3 |    65 |    36 ||   104
Dodge: Dodged            |    95 |    29 |   137 |    58 ||   319

Table legend: (Time is in decaauts)
 A = Elapsed time spent in this place.
 B = Non-inter-level travel time spent in this place.
 C = Inter-level travel time spent in this place.
 D = Time resting spent in this place.
 E = Time spent auto-exploring this place.
 F = Levels seen in this place.
 G = Mean time per level.
                   A        B        C        D        E       F      G
               +--------+--------+--------+--------+--------+-----+--------+
         Total |   9437 |   9086 |    351 |   1693 |   5874 |  11 |  857.9 |
       Dungeon |   9437 |   9086 |    351 |   1693 |   5874 |  11 |  857.9 |
               +--------+--------+--------+--------+--------+-----+--------+

Top non-repeatable levels by time:
     D:8: 1333 daAuts
     D:9: 1102 daAuts
     D:7: 1031 daAuts
     D:2: 1012 daAuts
     D:1: 987 daAuts
     D:3: 943 daAuts
     D:6: 916 daAuts
    D:10: 858 daAuts
     D:4: 813 daAuts
     D:5: 428 daAuts
    D:11: 10 daAuts
